 Dungeon Crawl Stone Soup version 0.32-a0-616-g9348d4545b (webtiles) character file.

Game seed: 17934646013393490607

138 ytrimaz the Chopper (level 5, -2/41 HPs)
             Began as a Coglin Gladiator on Mar 6, 2024.
             Slain by a gnoll
             ... wielding a +0 flail
              (6 damage)
             ... on level 3 of the Dungeon.
             The game lasted 00:02:16 (2078 turns).

ytrimaz the Chopper (Coglin Gladiator)              Turns: 2078, Time: 00:02:16

Health: -2/41      AC: 10    Str: 17    XL:     5   Next: 21%
Magic:  5/5        EV:  8    Int:  7    God:
Gold:   190        SH:  0    Dex: 15    Spells: 4/4 levels left

rFire   . . .        a - +0 war axe (vamp) {Santiago}
rCold   . . .        f - +0 dagger {Ichio}
rNeg    . . .        g - +0 chain mail
rPois   .            c - +1 helmet
rElec   .            (no cloak)
rCorr   .            (no gloves)
SInv    .            (no boots)
Will    +....        (amulet unavailable) Stlth
                     (ring unavailable)
HPRegen 0.26/turn    (ring unavailable)
MPRegen 0.09/turn    (no gizmo)

%: no passive effects
@: enlightened, flying, hasted, very quick
A: off-hand wielding, slow wielding, warmup strikes, no jewellery
a: Invent Gizmo


You were on level 3 of the Dungeon.
You visited 1 branch of the dungeon, and saw 3 of its levels.

You collected 190 gold pieces.


Innate Abilities, Weirdness & Mutations

You can wield a second weapon in your off-hand.
It takes a long time for you to wield or remove held weapons.
Your first few attacks do less damage.
You cannot equip rings or amulets.


   Skills:
 * Level 3.2 Fighting
 * Level 3.9 Axes
 - Level 1.7 Throwing
 * Level 2.1 Armour
 - Level 2.6 Dodging
 + Level 2.1 Evocations


You had 4 spell levels left.
You didn't know any spells.
Your spell library was empty.

Inventory:

Hand Weapons
 a - a +0 vampiric war axe (weapon) {Santiago}
 f - a +0 dagger (offhand) {Ichio}
Missiles
 d - 3 throwing nets (quivered)
 e - 3 javelins
Armour
 c - a +1 helmet (worn)
 g - a +0 chain mail (worn)
   (You found it on level 2 of the Dungeon)
Wands
 k - a wand of polymorph (6)
   (You found it on level 2 of the Dungeon)
Scrolls
 b - a scroll of vulnerability {unknown}
 o - 2 scrolls of brand weapon
 p - a scroll of summoning {unknown}
 q - 2 scrolls of enchant weapon {unknown}
Potions
 h - a potion of attraction {unknown}
 i - a potion of haste
 j - 2 potions of enlightenment
 l - a potion of heal wounds {unknown}
 m - a potion of curing
 n - a potion of brilliance {unknown}

Dungeon Overview and Level Annotations

Branches:
Dungeon (3/15) Zot: 15900

Altars:

# ... ####
###.# #..#
....######.
#.
.........
#. #...#..#
#..# #.....
#.### #


#ggg# # .. #.##@##.# # #..g....# ####.#### #.# #.# #.# #.# #.# #.##### You could
see 4 gnolls.


Message History

The jackal bites you.
The jackal bites you but does no damage. 😕 HP[-3]
You take 3 damage, and now have 35/41 hp.
Unknown command. 😕 HP[+1]
You hit the jackal with your +0 vampiric war axe.
You feel better.
You closely miss the jackal with your +0 dagger.
The jackal closely misses you. 😕 HP[+1] Unknown command.
You hit the jackal with your +0 dagger.
You kill the jackal!
No target in view!
You see here a jackal corpse.
p - a scroll labelled QESILA WYGAN 😎 HP[+4]
Your hp is fully restored (41).
You now have 167 gold pieces (gained 10).
A giant cockroach comes into view.
A giant cockroach is nearby!
A giant cockroach is nearby!
You barely miss the giant cockroach with your +0 dagger.
You barely miss the giant cockroach with your +0 vampiric war axe.
The giant cockroach barely misses you.
You hit the giant cockroach with your +0 dagger.
You closely miss the giant cockroach with your +0 vampiric war axe.
The giant cockroach bites you but does no damage.
Unknown command.
You slash the giant cockroach with your +0 vampiric war axe!
You kill the giant cockroach!
No target in view!
Unknown command.
q - a scroll labelled CARRAKHUMITS You now have 174 gold pieces (gained 7).
Key pressed, stopping explore.
q - 2 scrolls labelled CARRAKHUMITS (gained 1)
You now have 184 gold pieces (gained 10).
You now have 190 gold pieces (gained 6).
Key pressed, stopping explore.
No target in view!
You see here a +0 mace.
Key pressed, stopping explore.
Key pressed, stopping explore.
No target in view!
A giant cockroach comes into view.
A giant cockroach is nearby!
A gnoll comes into view. It is wielding a +2 spear of venom.
The gnoll shouts!
A gnoll comes into view. It is wielding a +0 halberd.
The gnoll shouts!
You hit the giant cockroach with your +0 vampiric war axe.
You kill the giant cockroach!
A gnoll comes into view. It is wielding a +0 flail.
Unknown command.
A gnoll comes into view. It is wielding a +0 flail.
The gnoll shouts!
The gnoll hits you with a +0 halberd.
The gnoll hits you with a +2 spear of venom.
You are poisoned. 😕 HP[-7]
You take 7 damage, and now have 34/41 hp.
You hit the gnoll but do no damage.
You barely miss the gnoll with your +0 vampiric war axe.
You hit the gnoll but do no damage.
You barely miss the gnoll with your +0 vampiric war axe.
You feel very sick. The gnoll hits you with a +0 halberd.
The gnoll hits you with a +0 flail! The gnoll hits you but does no damage.
You are more poisoned. 😮 HP[-12]
You take 12 damage, and now have 22/41 hp.
MASSIVE DAMAGE!! (PAUSE) Unknown command.
It was a potion of haste.
You feel yourself speed up.
You feel very sick. The gnoll closely misses you.
The gnoll hits you with a +0 halberd.
* * * LOW HITPOINT WARNING * * *
The gnoll hits you with a +0 flail!
* * * LOW HITPOINT WARNING * * *
The gnoll hits you with a +2 spear of venom.
* * * LOW HITPOINT WARNING * * *
You are more poisoned. 😱 HP[-18]
You take 18 damage, and now have 4/41 hp.
MASSIVE DAMAGE!! (PAUSE) It was a potion of enlightenment.
You feel very buoyant.
You fly up into the air.
* * * LOW HITPOINT WARNING * * *
You feel very sick. 😱 HP[-3]
You take 3 damage, and now have 1/41 hp.
Unknown command.
It was a potion of curing.
You feel better. The gnoll hits you but does no damage.
The gnoll hits you with a +0 halberd!
* * * LOW HITPOINT WARNING * * *
The gnoll hits you with a +0 flail.
You die...

Skill      XL: |  1  2  3  4 |
---------------+-------------+-----
Armour         | 1 2 |  2.1
Evocations     | 1 2 |  2.1
Fighting       | 3 |  3.2
Axes           | |  3.9
Throwing       | |  1.7
Dodging        | |  2.6

Action                     |  1- 3 |  4- 6 || total
---------------------------+-------+-------++-------
  Melee: Dagger            |    48 |    56 ||   104
         War axe           |    54 |    63 ||   117
    Use: Scroll            |     4 |     1 ||     5
         Potion            |       |     3 ||     3
   Stab: Sleeping          |     1 |       ||     1
 Armour: Leather armour    |    43 |    10 ||    53
         Chain mail        |       |    68 ||    68
  Dodge: Dodged            |    43 |    34 ||    77

Levels and vault maps discovered:
D:1:      erik_arrival_triangle_medium, layout_loops_ring,
          basic_ecumenical_altar, minmay_circled_x
D:2:      layout_basic, nrook_loot_triangle, solitary_fountain,
          minmay_misc_feat_roman, nicolae_half_adder, uniq_jessica
D:3:      layout_loops_cross, serial_shops, shop, nicolae_houndstooth_variations

Notes
Turn   | Place    | Note
-------+----------+-------------------------------------------
     0 | D:1      | ytrimaz the Coglin Gladiator began the quest for the Orb.
     0 | D:1      | Reached XP level 1. HP: 16/16 MP: 1/1
     0 | D:1      | magus.rc [v1.9.6]
    57 | D:1      | Found a faded altar of an unknown god.
   185 | D:1      | Reached XP level 2. HP: 16/22 MP: 2/2
   401 | D:1      | Reached skill level 1 in Armour
   406 | D:1      | Reached skill level 1 in Evocations
   593 | D:1      | Reached XP level 3. HP: 23/28 MP: 3/3
   898 | D:2      | Noticed Jessica
   902 | D:2      | Killed Jessica
   903 | D:2      | Reached XP level 4. HP: 29/34 MP: 4/4
  1006 | D:2      | Reached skill level 3 in Fighting
  1007 | D:2      | Reached skill level 2 in Evocations
  1147 | D:2      | Reached skill level 2 in Armour
  1147 | D:2      | Reached XP level 5. HP: 40/41 MP: 5/5
  2076 | D:3      | HP: 7/41 [gnoll/+0 flail (7)]
  2077 | D:3      | HP: 1/41 [poisoned by a gnoll]
  2078 | D:3      | Slain by a gnoll

Vanquished Creatures
  Jessica (D:2)
  5 adders (D:2)
  4 dart slugs
  9 ball pythons
  3 bats (D:1)
  9 endoplasms
  3 giant cockroaches
  8 goblins
  4 hobgoblins
  3 jackals (D:3)
  3 kobolds (D:1)
  A quokka (D:2)
  3 rats
56 creatures vanquished.

Table legend:
 A = Non-vault XP
 B = Vault XP
 C = Vault XP percentage of total XP
 D = Non-vault monster count
 E = Vault monster count
 F = Vault count percentage of total count
                 A         B        C        D         E       F
            +---------+---------+-------+---------+---------+-------
      Total |     113 |      85 |  42.9 |      48 |       8 |  14.3
            +---------+---------+-------+---------+---------+-------
        D:1 |      46 |       7 |  13.2 |      25 |       4 |  13.8
        D:2 |      56 |      78 |  58.2 |      17 |       4 |  19.0
        D:3 |      11 |       0 |   0.0 |       6 |       0 |   0.0
            +---------+---------+-------+---------+---------+-------

Skill      XL: |  1  2  3  4 |
---------------+-------------+-----
Armour         | 1 2 |  2.1
Evocations     | 1 2 |  2.1
Fighting       | 3 |  3.2
Axes           | |  3.9
Throwing       | |  1.7
Dodging        | |  2.6

Action                     |  1- 3 |  4- 6 || total
---------------------------+-------+-------++-------
  Melee: Dagger            |    48 |    56 ||   104
         War axe           |    54 |    63 ||   117
    Use: Scroll            |     4 |     1 ||     5
         Potion            |       |     3 ||     3
   Stab: Sleeping          |     1 |       ||     1
 Armour: Leather armour    |    43 |    10 ||    53
         Chain mail        |       |    68 ||    68
  Dodge: Dodged            |    43 |    34 ||    77

Illustrated notes

Table legend:
 A = Kills in this place as a percentage of kills in the entire game.
 B = Kills by you in this place as a percentage of kills by you in the entire game.
 C = Kills by friends in this place as a percentage of kills by friends in the entire game.
 D = Other kills in this place as a percentage of other kills in the entire game.
 E = Experience gained in this place as a percentage of experience gained in the entire game.
 F = Experience gained in this place divided by the number of levels of this place that you have seen.
                   A       B       C       D       E      F
               +-------+-------+-------+-------+-------+----------------------
         Total | 100.0 | 100.0 |   N/A |   N/A | 100.0 |  66.0
       Dungeon | 100.0 | 100.0 |   N/A |   N/A | 100.0 |  66.0
               +-------+-------+-------+-------+-------+----------------------

Table legend: (Time is in decaauts)
 A = Elapsed time spent in this place.
 B = Non-inter-level travel time spent in this place.
 C = Inter-level travel time spent in this place.
 D = Time resting spent in this place.
 E = Time spent auto-exploring this place.
 F = Levels seen in this place.
 G = Mean time per level.
                   A        B        C        D        E       F      G
               +--------+--------+--------+--------+--------+-----+--------+
         Total |   2098 |   2072 |     26 |      0 |   1666 |   3 |  699.3 |
       Dungeon |   2098 |   2072 |     26 |      0 |   1666 |   3 |  699.3 |
               +--------+--------+--------+--------+--------+-----+--------+

Top non-repeatable levels by time:
     D:2: 968 daAuts
     D:1: 903 daAuts
     D:3: 227 daAuts
